 Dungeon Crawl Stone Soup version 0.28-a0-48-gfd831c5874 (webtiles) character file.

Game seed: 11440545304685033451

21164 quinnr the Stormcaller (level 12, -5/70 HPs)
             Began as a Tengu Air Elementalist on July 30, 2021.
             Was a Priest of Qazlal.
             Slain by a five-headed hydra (10 damage)
             ... on level 2 of the Lair of Beasts.
             The game lasted 00:36:41 (17966 turns).

quinnr the Stormcaller (Tengu Air Elementalist)    Turns: 17966, Time: 00:36:42

Health: -5/70      AC: 12    Str: 17    XL:     12   Next: 87%
Magic:  19/23      EV: 15    Int: 21    God:    Qazlal [***...]
Gold:   291        SH:  4    Dex: 15    Spells: 18/25 levels left

rFire   + + +      SeeInvis .   j - +3 Elemental Staff {rElec rF++ rC++ Will++ AC+5}
rCold   + + .      Faith    +   (no shield)
rNeg    . . .      Spirit   .   H - +1 leather armour "Joevys" {Will++ Str+3}
rPois   .          Reflect  .   (helmet restricted)
rElec   +          Harm     .   t - +0 cloak "Piaxuaj" {Regen+ Slay+3}
rCorr   .          Rampage  .   D - +0 pair of gloves
Will    ++++.                   (boots unavailable)
Stlth   +.........              f - amulet of faith
HPRegen 1.21/turn               W - ring of protection from fire
MPRegen 0.18/turn               n - +6 ring of strength

@: flying quickly and evasively, quick
A: beak, talons 3, nimble flight
a: Renounce Religion, Upheaval, Elemental Force


You were on level 2 of the Lair of Beasts.
You worshipped Qazlal.
Qazlal was most pleased with you.
You visited 2 branches of the dungeon, and saw 12 of its levels.
You also visited: Gauntlet.

You collected 679 gold pieces.
You spent 388 gold pieces at shops.

Inventory:

Hand Weapons
 j - the +3 Elemental Staff (weapon) {rElec rF++ rC++ Will++ AC+5}
   (You acquired it on level 3 of the Lair of Beasts)

   If the wielder is skilled in Evocations, they can discharge powerful blasts
   of elemental energy when striking with it.
   It enhances your fire, ice, earth and air magic.
   AC:        It affects your AC (+5).
   rF:        It greatly protects you from fire.
   rC:        It greatly protects you from cold.
   rElec:     It insulates you from electricity.
   Will:      It greatly increases your willpower.
 O - the +6 Majin-Bo {vamp, MP+6 Int+6}
   (You found it in a Gauntlet)

   It occasionally heals its wielder for a portion of the damage dealt when they
   wound a living foe with it or with a spell.
   Its wielder's spells cost health as well as magical power.
   Int:       It affects your intelligence (+6).
   MP:        It affects your magic capacity (+6).
Missiles
 g - 4 throwing nets
 r - 2 curare-tipped darts
 P - 10 silver javelins
Armour
 a - a +0 robe
 h - a +2 cloak
 m - a +0 cloak of preservation
 s - a +3 leather armour of positive energy
 t - the +0 cloak "Piaxuaj" (worn) {Regen+ Slay+3}
   (You found it in a Gauntlet)

   Slay:      It affects your accuracy & damage with ranged weapons and melee
   (+3).
   Regen:     It increases your rate of health regeneration.
 D - a +0 pair of gloves (worn)
 F - a scarf of invisibility
 H - the +1 leather armour "Joevys" (worn) {Will++ Str+3}
   (You found it on level 8 of the Dungeon)

   Str:       It affects your strength (+3).
   Will:      It greatly increases your willpower.
 R - a +0 kite shield of protection
 V - +0 storm dragon scales
 X - the +1 robe of Foolhardiness {Contam rC++ Will+ Dex+4}
   (You found it in a Gauntlet)

   Dex:       It affects your dexterity (+4).
   rC:        It greatly protects you from cold.
   Contam:    It causes magical contamination when unequipped.
   Will:      It increases your willpower.
Magical Staves
 q - a staff of air
 Y - a staff of fire
Jewellery
 b - the amulet of the Fool {Spirit +Blink rPois}
   (You found it in a Gauntlet)

   [amulet of guardian spirit]

   It causes incoming damage to be divided between your reserves of health and
   magic.
   rPois:     It protects you from poison.
   +Blink:    It lets you blink.
 f - an amulet of faith (around neck)
 l - a +4 ring of slaying
 n - a +6 ring of strength (right hand)
 p - an amulet of reflection
 w - the ring "Fepuefao" {Fire Drain Str+3 Dex+7 SInv}
   (You acquired it in a Gauntlet)

   [ring of fire]

   It enhances your fire magic.
   Str:       It affects your strength (+3).
   Dex:       It affects your dexterity (+7).
   rF:        It protects you from fire.
   rC:        It makes you vulnerable to cold.
   SInv:      It lets you see invisible.
   Drain:     It drains your maximum health when unequipped.
 y - an amulet of guardian spirit
 C - the ring of Qaegavih {Fly rCorr SInv}
   (You took it off a minotaur in a Gauntlet)

   [ring of see invisible]

   SInv:      It lets you see invisible.
   Fly:       It grants you flight.
   rCorr:     It protects you from acid and corrosion.
 I - the amulet "Fuasser" {Regen+ Int+4}
   (You found it on level 8 of the Dungeon)

   [amulet of regeneration]

   Int:       It affects your intelligence (+4).
   Regen:     It increases your rate of health regeneration.
 W - a ring of protection from fire (left hand)
Wands
 i - a wand of acid (12)
 k - a wand of flame (12)
 u - a wand of iceblast (20)
 E - a wand of charming (14)
 S - a wand of mindburst (17)
 U - a wand of polymorph (9)
Scrolls
 v - 4 scrolls of noise
 x - 3 scrolls of magic mapping
 G - 2 scrolls of amnesia
 K - 2 scrolls of immolation
 M - 3 scrolls of enchant armour
 T - a scroll of teleportation
Potions
 c - 3 potions of flight
 e - a potion of magic
 z - 2 potions of cancellation
 B - 2 potions of brilliance
 J - 3 potions of attraction
 L - a potion of haste
 N - 2 potions of curing
 Q - 2 potions of degeneration
Miscellaneous
 o - a lightning rod (2/4)


   Skills:
 + Level 6.0 Fighting
 - Level 6.0 Armour
 + Level 3.1 Dodging
 - Level 2.2 Stealth
 - Level 7.0 Spellcasting
 - Level 4.0 Conjurations
 + Level 16.4 Air Magic
 - Level 9.0 Invocations
 + Level 6.5 Evocations


You had 18 spell levels left.
You knew the following spells:

 Your Spells              Type           Power      Damage    Failure   Level
a - Shock                 Conj/Air       100%       1d9       1%          1
b - Airstrike             Air            42%        N/A       1%          4
c - Static Discharge      Conj/Air       66%        N/A       1%          2

Your spell library contained the following spells:

 Spells                   Type           Power      Damage    Failure   Level
 Magic Dart               Conj           96%        1d7       1%          1
 Swiftness                Air            85%        N/A       1%          3
 Searing Ray              Conj           48%        3d5       3%          2
 Foxfire                  Conj/Fire      92%        2x1d8     4%          1
 Lightning Bolt           Conj/Air       33%        1d50      4%          5
 Animate Skeleton         Necr           14%        N/A       11%         1
 Conjure Flame            Conj/Fire      23%        6-21      14%         3
 Dazzling Flash           Conj/Hex       30%        N/A       14%         3
 Passwall                 Tmut/Erth      9%         N/A       16%         2
 Slow                     Hex            7%         N/A       16%         2
 Confusing Touch          Hex            7%         N/A       30%         3
 Inner Flame              Hex/Fire       11%        N/A       30%         3
 Vampiric Draining        Necr           3%         2d6       30%         3
 Fulminant Prism          Conj/Hex       7%         3d7       41%         4
 Sticky Flame             Conj/Fire      23%        2d4       41%         4
 Animate Armour           Summ/Erth      22%        N/A       71%         4
 Dispel Undead            Necr           7%         3d8       71%         4
 Agony                    Necr           7%         N/A       96%         5
 Alistair's Intoxication  Tmut/Pois      4%         N/A       96%         5
 Blade Hands              Tmut           3%         N/A       96%         5
 Dispersal                Tloc           3%         N/A       100%        6
 Iron Shot                Conj/Erth      11%        9d3       100%        6
 Spellforged Servitor     Conj/Summ      7%         N/A       100%        7
 Borgnjor's Revivificati  Necr           3%         N/A       100%        8
 Disjunction              Tloc           3%         N/A       100%        8
 Death's Door             Necr           3%         N/A       100%        9


Dungeon Overview and Level Annotations

Branches:
Dungeon (9/15)             Temple (0/1) D:4            Lair (3/6) D:8
 Shoals (0/4) Lair:2       Spider (0/4) Lair:2      Gauntlet (visited)
    Orc: D:9-12

Altars:
Elyvilon
Fedhas
Qazlal
Yredelemnul
Zin
The Shining One

Shops:
D:8 ?

Annotations:
D:3 2 transporters, indyram44's ghost, amateur DsAK
Lair:3 3 runed translucent doors, exclusion: 2 oklob plants


Innate Abilities, Weirdness & Mutations

You have a beak for a mouth.
You have claws for feet.
Your magical nature lets you fly swiftly and evasively.


Message History

The blink frog blinks!
The five-headed hydra closely misses you.
You block the five-headed hydra's attack.
The five-headed hydra bites you but does no damage.
The five-headed hydra bites you! x2
* * * LOW HITPOINT WARNING * * *
Aiming: Thunderbolt
Press: ? - help, Shift-Dir - straight line, f/p - five-headed hydra
Aim: a five-headed hydra (water, lightly wounded)
The thunderbolt hits the five-headed hydra!
The five-headed hydra is moderately wounded.
You block the five-headed hydra's attack. x2
The five-headed hydra closely misses you. x2
You block the five-headed hydra's attack.
Aiming: Thunderbolt
Press: ? - help, Shift-Dir - straight line, f/p - five-headed hydra
Aim: a five-headed hydra (water, moderately wounded)
The thunderbolt hits the blink frog!!
The blink frog is almost dead.
The thunderbolt hits the five-headed hydra!
The five-headed hydra is heavily wounded.
The blink frog blinks! x2; The five-headed hydra bites you.
* * * LOW HITPOINT WARNING * * *
The five-headed hydra bites you but does no damage.
The five-headed hydra closely misses you.
The five-headed hydra bites you!
* * * LOW HITPOINT WARNING * * *
The five-headed hydra bites you!
* * * LOW HITPOINT WARNING * * *
The blink frog blinks!
Unknown command.
Unknown command.
Okay, then.
As you read the scroll of fear, it crumbles to dust.
You assume a fearsome visage.
The five-headed hydra resists with some effort.
The blink frog looks frightened!
The blink frog blinks!
You block the five-headed hydra's attack.
The five-headed hydra bites you!
You die...

## ##..##.#..........#.###P.##.#
#..####.........#### #######
####.####..........#
##.).....##........##
###≈≈.....≈F###.......##
#≈≈≈≈≈...≈≈≈≈≈###....#.#
≈≈≈≈≈#####§≈≈≈≈≈##...###### #####
≈≈≈≈##...##≈§>≈○≈#....#.#P###...#
≈≈≈##.....##≈≈≈D@#...............
≈≈##.......##≈≈≈##...............
###.........#####................
.................................
.................................
........[........................
##.###.#..###.##..#..#P##...#####
### ###### ###.##########P## ###
###


You could see a five-headed hydra and a blink frog (fleeing).

Vanquished Creatures
  A minotaur (Gauntlet)
  Harold (D:8)
  A hydra (Lair:3)
  A two-headed ogre (D:7)
  2 thrashing horrors (Gauntlet)
  Pikel (D:7)
  A lindwurm (Lair:1)
  An orb spider (Lair:2)
  An elephant (D:7)
  A merfolk siren (Lair:2)
  Joseph (D:7)
  Maurice (D:8)
  3 black mambas
  6 cane toads
  Maggie (D:8)
  An efreet (Gauntlet)
  8 komodo dragons
  Prince Ribbit (D:6)
  10 blink frogs
  8 yaks
  3 wyverns
  A fire elemental (Gauntlet)
  Eustachio (D:4)
  2 basilisks
  2 steam dragons
  8 water moccasins
  2 hell hounds (Gauntlet)
  2 sky beasts
  An ice beast (D:5)
  An orc warrior (D:6)
  3 black bears
  A hornet zombie (D:8)
  A necrophage (D:4)
  4 ogres
  A centaur (D:8)
  2 phantoms (D:5)
  A lemure (D:7)
  3 small abominations (Gauntlet)
  3 scorpions
  4 bullfrogs
  A bullfrog zombie (D:6)
  4 hounds
  A centaur zombie (D:7)
  4 jellies
  A bullfrog skeleton (D:5)
  A gnoll shaman (D:5)
  An orc priest (D:5)
  2 iguanas (D:5)
  Ijyb (D:5)
  4 orc wizards
  5 hell rats (Lair:1)
  A hound zombie (D:5)
  A hound skeleton (D:4)
  4 howler monkey zombies
  5 gnolls (D:5)
  4 adders
  3 river rats (Lair:1)
  A shadow imp (D:6)
  2 white imps (D:8)
  A worm (D:2)
  3 dart slugs
  16 orcs
  9 endoplasms
  3 giant cockroaches
  11 goblins
  6 hobgoblins
  4 jackals
  9 kobolds
  A quokka (D:2)
  7 ball pythons
  8 bats
  3 frilled lizards
  13 rats
237 creatures vanquished.

Vanquished Creatures (collateral kills)
  3 blink frogs (Lair:1)
  8 yaks
  A basilisk (Lair:1)
12 creatures vanquished.

Vanquished Creatures (others)
  13 fungi
  10 plants
23 creatures vanquished.

Grand Total: 272 creatures vanquished

Notes
Turn   | Place    | Note
-------+----------+-------------------------------------------
     0 | D:1      | quinnr the Tengu Air Elementalist began the quest for the
                  | Orb.
     0 | D:1      | Reached XP level 1. HP: 10/10 MP: 4/4
   165 | D:1      | Reached XP level 2. HP: 15/15 MP: 0/6
   412 | D:1      | Found a faded altar of an unknown god.
   458 | D:1      | Became a worshipper of Qazlal Stormbringer
   458 | D:1      | Reached * piety under Qazlal
   642 | D:1      | Reached XP level 3. HP: 20/20 MP: 2/7
   701 | D:1      | Reached skill level 1 in Fighting
  1504 | D:2      | Reached ** piety under Qazlal
  2027 | D:2      | Got the Catalogue of Evil
  2327 | D:3      | Reached XP level 4. HP: 25/25 MP: 2/9
  2393 | D:3      | Learned a level 4 spell: Airstrike
  2470 | D:3      | Reached skill level 5 in Air Magic
  3024 | D:3      | Reached skill level 1 in Invocations
  3024 | D:3      | Gained mutation: Your magical nature lets you fly swiftly
                  | and evasively. [Tengu growth]
  3024 | D:3      | Reached XP level 5. HP: 22/29 MP: 5/10
  3258 | D:3      | Noticed a sky beast
  3286 | D:3      | Killed a sky beast
  3287 | D:3      | Reached skill level 6 in Air Magic
  3287 | D:3      | Reached XP level 6. HP: 34/34 MP: 5/11
  3479 | D:3      | Found a transporter.
  3480 | D:3      | Noticed indyram44's ghost (amateur DsAK)
  3481 | D:3      | Found a transporter.
  3482 | D:3      | Identified the +3 dire flail of a Million Demons {pain,
                  | Drain rElec rN+}
  3560 | D:3      | Reached *** piety under Qazlal
  3865 | D:4      | Found a staircase to the Ecumenical Temple.
  4008 | D:4      | Noticed Eustachio
  4026 | D:4      | Killed Eustachio
  4027 | D:4      | Reached skill level 1 in Evocations
  4248 | D:4      | Found a white marble altar of Elyvilon.
  4391 | D:4      | Reached skill level 1 in Armour
  4391 | D:4      | Reached skill level 7 in Air Magic
  4391 | D:4      | Reached XP level 7. HP: 37/38 MP: 1/12
  4871 | D:5      | Entered Level 5 of the Dungeon
  4960 | D:5      | Noticed Ijyb
  4965 | D:5      | Killed Ijyb
  5589 | D:5      | Reached XP level 8. HP: 43/43 MP: 9/13
  5679 | D:5      | Reached skill level 8 in Air Magic
  5819 | D:5      | Reached skill level 9 in Air Magic
  6698 | D:6      | Found a glowing silver altar of Zin.
  6770 | D:5      | Reached skill level 10 in Air Magic
  6992 | D:6      | Reached **** piety under Qazlal
  7192 | D:6      | Reached skill level 11 in Air Magic
  7192 | D:6      | Reached XP level 9. HP: 47/47 MP: 3/14
  7531 | D:6      | Noticed a komodo dragon
  7547 | D:6      | Killed a komodo dragon
  7903 | D:6      | Found a basalt altar of Yredelemnul.
  7905 | D:6      | Found a glowing golden altar of the Shining One.
  8123 | D:7      | Noticed Prince Ribbit
  8155 | D:6      | Killed Prince Ribbit
  8618 | D:7      | Reached skill level 12 in Air Magic
  8618 | D:7      | Reached skill level 5 in Invocations
  8898 | D:7      | Noticed Joseph
  9068 | D:7      | Killed Joseph
  9069 | D:7      | Reached XP level 10. HP: 56/56 MP: 1/18
  9286 | D:7      | Noticed Pikel
  9291 | D:7      | Killed Pikel
  9292 | D:7      | Reached skill level 5 in Spellcasting
  9971 | D:8      | Noticed a two-headed ogre
  9979 | D:8      | Noticed an elephant
 10083 | D:7      | Killed a two-headed ogre
 10343 | D:7      | Killed an elephant
 10344 | D:7      | Reached skill level 13 in Air Magic
 10491 | D:8      | Found a staircase to the Lair.
 10603 | D:8      | Noticed Maurice
 10626 | D:8      | Killed Maurice
 11023 | D:8      | Identified the +1 leather armour "Joevys" {Will++ Str+3}
 11201 | D:8      | Identified the amulet "Fuasser" {Regen+ Int+4}
 11367 | D:8      | Found Giuggue's Magic Scroll Boutique.
 11370 | D:8      | Noticed Harold
 11377 | D:8      | Killed Harold
 11378 | D:8      | Reached skill level 5 in Armour
 11433 | D:8      | Bought a scroll of identify for 30 gold pieces
 11433 | D:8      | Bought a scroll of identify for 30 gold pieces
 11433 | D:8      | Bought a scroll of immolation for 52 gold pieces
 11433 | D:8      | Bought a scroll of blinking for 112 gold pieces
 11433 | D:8      | Bought a scroll of magic mapping for 52 gold pieces
 11433 | D:8      | Bought a scroll of enchant armour for 112 gold pieces
 11524 | D:8      | Noticed Maggie
 11529 | D:8      | Killed Maggie
 11530 | D:8      | Reached XP level 11. HP: 60/60 MP: 0/21
 11677 | D:8      | Found a blossoming altar of Fedhas.
 12029 | Lair:1   | Entered Level 1 of the Lair of Beasts
 12250 | Lair:1   | Reached skill level 14 in Air Magic
 13631 | Lair:1   | Noticed a lindwurm
 13635 | Lair:1   | Killed a lindwurm
 14161 | Lair:2   | Noticed an orb spider
 14164 | Lair:2   | Killed an orb spider
 14255 | Lair:2   | Reached skill level 15 in Air Magic
 14798 | Lair:2   | Found a staircase to the Shoals.
 14803 | Lair:2   | Reached XP level 12. HP: 64/64 MP: 8/22
 15163 | Lair:2   | Got the Compendium of Unstable Translocation
 15215 | Lair:2   | Found a hole to the Spider Nest.
 15526 | Lair:3   | Found a gate leading to a gauntlet.
 15669 | Gauntlet | Entered a Gauntlet
 15669 | Gauntlet | Found a transporter.
 15670 | Gauntlet | Noticed a thrashing horror
 15670 | Gauntlet | Noticed a catoblepas
 15674 | Gauntlet | Noticed a thrashing horror
 15789 | Gauntlet | Found a transporter.
 15806 | Gauntlet | Found a transporter.
 15810 | Gauntlet | Found a transporter.
 15819 | Gauntlet | Noticed a reaper
 15831 | Gauntlet | Found a transporter.
 15841 | Gauntlet | Found a transporter.
 15857 | Gauntlet | Found a transporter.
 15857 | Gauntlet | Noticed a thrashing horror
 15862 | Gauntlet | Noticed a thrashing horror
 15885 | Gauntlet | Found a runed translucent gate.
 15886 | Gauntlet | Found a transporter.
 15886 | Gauntlet | Found a transporter.
 15886 | Gauntlet | Found a runed translucent gate.
 15891 | Gauntlet | Found a transporter.
 15904 | Gauntlet | Found a runed translucent gate.
 15914 | Gauntlet | Found a transporter.
 15916 | Gauntlet | Found the +6 Majin-Bo {vamp, MP+6 Int+6}
 15919 | Gauntlet | Learned a level 2 spell: Static Discharge
 15921 | Gauntlet | Found a transporter.
 15984 | Gauntlet | Identified the amulet of the Fool {Spirit +Blink rPois}
 15984 | Gauntlet | HP: 2/66 [thrashing horror (9)]
 15991 | Gauntlet | Killed a thrashing horror
 15993 | Gauntlet | HP: 8/99 [thrashing horror (5)]
 16001 | Gauntlet | Killed a thrashing horror
 16002 | Gauntlet | Reached skill level 5 in Evocations
 16002 | Gauntlet | HP: 10/100 [small abomination (3)]
 16686 | Gauntlet | Identified the +0 cloak "Piaxuaj" {Regen+ Slay+3}
 16701 | Gauntlet | Identified the +2 falchion of Generosity {freeze, Contam
                  | rF- rN+++}
 16728 | Gauntlet | Identified the ring of Qaegavih {Fly rCorr SInv}
 16728 | Gauntlet | Noticed a minotaur
 16729 | Gauntlet | quinnr: @?minotaur
 16729 | Gauntlet | beem: minotaur (H)
                  | Spd:
    10 | HD: 14   | HP: 63-96
                  | AC/EV:
                  | 14/6 (headbutt: d20-1)
                  | Dam: 35, 20
                  | weapons, items,
                  | doors, fighter
                  | Res: magic(100)
                  | Corpse
                  | XP:
  1231 | Sz:      | Medium
                  | Int: human.
 16739 | Gauntlet | Killed a minotaur
 16760 | Gauntlet | Identified the +1 robe of Foolhardiness {Contam rC++ Will+
                  | Dex+4}
 16761 | Gauntlet | Got Didwuan's Incunabulum of Destructive Necromancy
 16764 | Gauntlet | Identified the +3 robe "Koicwike" {Harm Dex+4}
 16764 | Gauntlet | Identified the +7 broad axe "Kosumyocs" {spect, rC+}
 16769 | Gauntlet | Identified 2 scrolls of acquirement
 16769 | Gauntlet | Acquired the ring "Fepuefao" {Fire Drain Str+3 Dex+7 SInv}
 16897 | Lair:3   | Acquired the +3 Elemental Staff {rElec rF++ rC++ Will++
                  | AC+5}
 16898 | Lair:3   | Found the +3 Elemental Staff {rElec rF++ rC++ Will++ AC+5}
 16946 | Lair:3   | Reached skill level 5 in Fighting
 16946 | Lair:3   | Reached skill level 16 in Air Magic
 17104 | Lair:3   | Found a runed translucent gate.
 17104 | Lair:3   | Found a runed translucent gate.
 17104 | Lair:3   | Found a runed translucent gate.
 17104 | Lair:3   | Noticed a 12-headed hydra
 17620 | Lair:3   | Noticed a four-headed hydra
 17629 | Lair:3   | Killed a four-headed hydra
 17812 | Lair:3   | Noticed a five-headed hydra
 17965 | Lair:2   | HP: 3/70 [five-headed hydra (7)]
 17966 | Lair:2   | Slain by a five-headed hydra

Illustrated notes

Levels and vault maps discovered:
D:1:      wander_arrival_estate, layout_basic, serial_forest,
          infiniplex_forest_lined_3, infiniplex_forest_straight_3,
          infiniplex_forest_lined_3, infiniplex_forest_clump_diagonal,
          infiniplex_forest_lined_ring, infiniplex_forest_straight_2,
          ebering_ecumenical_altar_webs, minmay_tall_x
D:2:      layout_loops_ring, minmay_misc_feat_plants, serial_bayou_pond_e
D:3:      layout_loops_corners, gammafunk_ghost_smash, minmay_divided_ellipse
D:4:      layout_loops_cross, elyvilon_altar_3,
          minmay_temple_entry_glassed_door, uniq_eustachio
D:5:      minmay_bubble_buster, layout_layer_cave, kennysheep_generic_room_15,
          uniq_ijyb
D:6:      layout_cave_pools, nicolae_overflow_hidden_temple, st_stairs_7,
          chequers_hall_statues_y
D:7:      kb_forest_paths, layout_basic, uniq_joseph, uniq_pikel,
          uniq_prince_ribbit1
D:8:      layout_basic, general_overflow_altar, david_lair_generic,
          serial_shops, nicolae_square_shop, eino_curves_01, amethyst_killhole,
          uniq_maggie, uniq_maurice, uniq_harold
D:9:      minmay_goldmine, layout_cave_pools, mainiacjoe_overflow_alcove_2
Lair:1:   layout_chaotic_city, kennysheep_abandoned_house
Lair:2:   layout_big_grid, minmay_shoals_entry_lonely_mermaid,
          nicolae_spider_entry_orb_guardian, st_stairs_8, lemuel_fruit_tree
Lair:3:   dpeg_oklob_gauntlet, layout_regular_city, gammafunk_ghost_hydra_chop,
          gauntlet_entry_generic, kennysheep_catoblepas_arena,
          grunt_megastairs_1, serial_bayou_shore_b

Skill      XL: |  1  2  3  4  5  6  7  8  9 10 11 12 |
---------------+-------------------------------------+-----
Conjurations   | 2 4 |  4.0
Fighting       | 1 3 6 |  6.0
Air Magic      | 5 6 7 11 12 13 15 16 | 16.4
Spellcasting   | 3 4 6 7 |  7.0
Invocations    | 1 2 3 4 5 7 9 |  9.0
Evocations     | 2 3 4 6 |  6.5
Armour         | 1 2 3 5 6 |  6.0
Dodging        | 3 |  3.1
Stealth        | |  2.2

Action                   |  1- 3 |  4- 6 |  7- 9 | 10-12 || total
-------------------------+-------+-------+-------+-------++-------
Melee: Unarmed           |     7 |     3 |       |       ||    10
       Kick              |     3 |     1 |     4 |     8 ||    16
       Peck              |     2 |       |     2 |     4 ||     8
       Dagger            |       |     2 |       |       ||     2
       Staff             |       |     1 |    16 |    28 ||    45
 Cast: Shock             |    83 |    82 |   135 |   163 ||   463
       Airstrike         |       |     3 |    36 |   134 ||   173
       Static Discharge  |       |       |       |     2 ||     2
Invok: Upheaval          |       |       |     1 |     2 ||     3
       Elemental Force   |       |       |       |     5 ||     5
Evoke: Wand              |       |     6 |    11 |    19 ||    36
       Lightning rod     |       |       |       |     2 ||     2
  Use: Scroll            |     1 |       |     6 |    16 ||    23
       Potion            |       |       |       |    12 ||    12
Armor: Robe              |     1 |    10 |       |       ||    11
       Leather armour    |       |       |    20 |    37 ||    57
       Skin              |       |       |       |    35 ||    35
Dodge: Dodged            |     8 |    27 |    43 |    90 ||   168
       Repelled          |       |       |     1 |       ||     1
Block: Other             |     2 |     7 |    11 |    45 ||    65

Table legend: (Time is in decaauts)
 A = Elapsed time spent in this place.
 B = Non-inter-level travel time spent in this place.
 C = Inter-level travel time spent in this place.
 D = Time resting spent in this place.
 E = Time spent auto-exploring this place.
 F = Levels seen in this place.
 G = Mean time per level.
                   A        B        C        D        E       F      G
               +--------+--------+--------+--------+--------+-----+--------+
         Total |  17297 |  16755 |    542 |   2436 |  12433 |  13 | 1330.5 |
       Dungeon |  11955 |  11459 |    496 |   1378 |   8946 |   9 | 1328.3 |
          Lair |   4281 |   4235 |     46 |    369 |   3298 |   3 | 1427.0 |
      Gauntlet |   1059 |   1059 |      0 |    689 |    188 |   1 | 1059.0 |
               +--------+--------+--------+--------+--------+-----+--------+

Top non-repeatable levels by time:
     D:7: 2063 daAuts
     D:8: 1876 daAuts
     D:5: 1858 daAuts
  Lair:2: 1643 daAuts
  Lair:1: 1630 daAuts
     D:1: 1539 daAuts
     D:3: 1479 daAuts
     D:6: 1380 daAuts
Gauntlet: 1059 daAuts
  Lair:3: 1007 daAuts
     D:4: 980 daAuts
     D:2: 768 daAuts
     D:9: 9 daAuts
